 Dungeon Crawl Stone Soup version 0.21.1-1-g345015f (webtiles) character file.

441 kae the Chopper (level 7, 0/60 HPs)
             Began as a Hill Orc Abyssal Knight on June 11, 2018.
             Was a Believer of Lugonu.
             Slain by Prince Ribbit (9 damage)
             ... on level 5 of the Dungeon.
             The game lasted 00:04:01 (4766 turns).

kae the Chopper (Hill Orc Abyssal Knight)           Turns: 4766, Time: 00:04:02

Health: 0/60       AC:  5    Str: 17    XL:     7   Next: 2%
Magic:  10/10      EV: 12    Int: 12    God:    Lugonu [**....]
Gold:   183        SH:  0    Dex: 10    Spells: 6/6 levels left

rFire    + . .     SeeInvis .   a - +2 hand axe
rCold    x . .     Gourm    .   (no shield)
rNeg     . . .     Faith    .   b - +1 leather armour
rPois    .         Spirit   .   (no helmet)
rElec    .         Reflect  .   (no cloak)
rCorr    .         Harm     .   (no gloves)
MR       .....     Rnd*Rage +   v - +0 pair of boots (curse)
Stlth    +.........             (no amulet)
HPRegen  0.20/turn              s - ring of fire
MPRegen  0.12/turn              (no ring)

@: hasted, very quick
A: berserk 1, evolution 1
a: Depart the Abyss, Bend Space, Renounce Religion


You were on level 5 of the Dungeon.
You worshipped Lugonu.
Lugonu was pleased with you.
You were not hungry.

You visited 1 branch of the dungeon, and saw 5 of its levels.
You visited the Abyss 1 time.

You collected 183 gold pieces.

Inventory:

Hand Weapons
 a - a +2 hand axe (weapon)
Armour
 b - a +1 leather armour (worn)
 v - a cursed +0 pair of boots (worn)
Jewellery
 s - a ring of fire (left hand)
 x - a +3 ring of intelligence {unknown}
Wands
 g - a wand of paralysis (5)
 t - a wand of acid (5)
Scrolls
 d - 2 scrolls of magic mapping
 h - 4 scrolls of amnesia
 i - a scroll of enchant armour
 j - 2 scrolls of fog
 k - 4 scrolls of teleportation
 l - 4 scrolls of identify
 p - 3 scrolls of enchant weapon
 r - a scroll of blinking
Potions
 m - 3 potions of invisibility
 n - 4 potions of curing
 u - a potion of ambrosia
Comestibles
 c - 9 rations


   Skills:
 + Level 4.9 Fighting
 * Level 6.0 Axes
 + Level 3.7 Armour
 + Level 2.3 Dodging
 + Level 4.3 Invocations


You had 6 spell levels left.
You didn't know any spells.

Dungeon Overview and Level Annotations

Branches:
Dungeon (5/15)
 Temple: D:4-7

Altars:
Ashenzari
Cheibriados
Dithmenos
Gozag
Okawaru
Trog
Uskayaw
Xom
The Shining One

Annotations:
D:5 Eustachio, Prince Ribbit


Innate Abilities, Weirdness & Mutations

You tend to lose your temper in combat.
You evolve.


Message History

You kill the rat!
The rat's corpse disappears in a puff of smoke!
You hit Eustachio. The bat hits you but does no damage.
You hit the bat.
You kill the bat!
The bat's corpse disappears in a puff of smoke!
You hit Eustachio but do no damage. Eustachio barely misses you.
You closely miss Prince Ribbit.
Prince Ribbit is lightly wounded.
You barely miss Eustachio. Prince Ribbit barely misses you.
You hit Prince Ribbit.
Prince Ribbit is moderately wounded.
You hit Eustachio but do no damage.
Eustachio casts a spell.
Eustachio blinks!
Prince Ribbit hits you!
* * * LOW HITPOINT WARNING * * *
You closely miss Prince Ribbit.
Prince Ribbit is moderately wounded.
Prince Ribbit hits you!
You die...

...............###........#
@................'........#
#@.......###........#
#F.......# #........#
#o######## #........# #.#
###.###### #.# #.#
##)############.#
#..).F@ยง..@.....#
###############.# #).


You could see Eustachio and Prince Ribbit.

Vanquished Creatures
  An ogre (D:5)
  A howler monkey (D:4)
  A bullfrog zombie (D:2)
  A hound (D:5)
  2 orc priests (D:5)
  An orc wizard (D:5)
  2 worker ants
  3 adders
  2 worms (D:3)
  A dart slug (D:3)
  A leopard gecko (D:4)
  7 orcs
  5 giant cockroaches
  3 hobgoblins
  7 jackals
  2 quokkas
  6 ball pythons
  6 bats
  4 frilled lizards
  7 goblins
  9 kobolds
  2 quokka skeletons (D:4)
  3 rats
77 creatures vanquished.

Vanquished Creatures (others)
  A wizard (D:4)
  An orc wizard (D:5)
2 creatures vanquished.

Grand Total: 79 creatures vanquished

Notes
Turn   | Place    | Note
-------+----------+-------------------------------------------
     0 | Abyss:1  | kae the Hill Orc Abyssal Knight began the quest for the Orb.
     0 | Abyss:1  | Reached XP level 1. HP: 19/19 MP: 2/2
    57 | Abyss:1  | Noticed a ynoxinul
    58 | D:1      | Escaped the Abyss
   445 | D:1      | Found a shimmering altar of Xom.
   451 | D:1      | Reached * piety under Lugonu
   482 | D:1      | Reached skill level 3 in Axes
   582 | D:1      | Reached XP level 2. HP: 27/27 MP: 3/3
   583 | D:1      | Reached skill level 1 in Dodging
  1171 | D:2      | Reached XP level 3. HP: 33/33 MP: 5/5
  1213 | D:2      | Found a glowing golden altar of the Shining One.
  1292 | D:2      | Reached XP level 4. HP: 30/40 MP: 6/6
  1424 | D:3      | Found a shadowy altar of Dithmenos.
  1424 | D:3      | Found an opulent altar of Gozag.
  1424 | D:3      | Found a bloodstained altar of Trog.
  1424 | D:3      | Found a hide-covered altar of Uskayaw.
  1493 | D:3      | Found a shattered altar of Ashenzari.
  1503 | D:3      | Reached skill level 4 in Axes
  2501 | D:3      | Reached ** piety under Lugonu
  3073 | D:4      | Reached XP level 5. HP: 36/46 MP: 7/7
  3420 | D:4      | Found an iron altar of Okawaru.
  3627 | D:4      | Found a bloodstained altar of Trog.
  3628 | D:4      | Noticed a wizard
  3633 | D:4      | Killed a wizard
  3678 | D:4      | Reached skill level 5 in Axes
  4092 | D:5      | Entered Level 5 of the Dungeon
  4110 | D:5      | Noticed an ogre
  4117 | D:5      | Killed an ogre
  4117 | D:5      | Reached XP level 6. HP: 39/53 MP: 7/9
  4277 | D:5      | Found a snail-covered altar of Cheibriados.
  4696 | D:5      | Noticed Eustachio
  4712 | D:5      | Noticed Prince Ribbit
  4723 | D:5      | Reached skill level 6 in Axes
  4723 | D:5      | Reached XP level 7. HP: 37/60 MP: 10/10
  4761 | D:5      | Gained mutation: You tend to lose your temper in combat. [potion of mutation]
  4761 | D:5      | Gained mutation: You evolve. [potion of mutation]
  4766 | D:5      | Slain by Prince Ribbit

Skill      XL: |  1  2  3  4  5  6 |
---------------+-------------------+-----
Axes           | 3 4 5 6 |  6.0
Dodging        | 1 2 |  2.3
Invocations    | 3 4 |  4.3
Fighting       | 4 |  4.9
Armour         | 3 |  3.7

Action                   |  1- 3 |  4- 6 |  7- 9 || total
-------------------------+-------+-------+-------++-------
Melee: Hand axe          |    71 |   196 |    32 ||   299
Invok: Depart the Abyss  |     1 |       |       ||     1
Evoke: Wand              |       |     2 |       ||     2
  Use: Scroll            |       |    13 |       ||    13
       Potion            |       |     3 |     4 ||     7
  Eat: Chunk             |     1 |    11 |       ||    12
Armor: Leather armour    |    45 |    58 |     6 ||   109
       Skin              |       |     3 |    28 ||    31
Dodge: Dodged            |    52 |   118 |    17 ||   187
